cohdb
Replays
Latest Replays
All Replays
Popular Replays
Top Player Replays
Match Explorer
How It Works
Community
CoH3 Stats
Reddit
Sign in to upload your games and track your stats! →
Sign in with Steam
Match 35556504
Unlisted
Match 35556504
Overview
Messages
Build Orders
End
Kettenkrad Recon Vehicle
Construct Infanterie Kompanie
MG 42 Machine Gun Team
Grenadier Squad
Construct Luftwaffe Kompanie
Jäger Squad
Support Elements
Jäger Squad
Selects Mechanized Battlegroup
Selects Raid Package
Wirbelwind Flakpanzer
Selects Mobile Repair Stations
Selects Spotting Scopes
Selects Stoßtruppen Assault Package
Wirbelwind Flakpanzer
MG 42 Bunker
Selects Zeroing Artillery Barrage
Selects StuG Assault Group
StuG Assault Group
Marder III M Tank Destroyer
Zeroing Artillery Barrage
Pussy Destroyer
DThalle
能去你家过年吗
S1L
Field marshal Prince
Enzo
0
0
Comments
sign in to comment!
No comments posted yet!